 Dungeon Crawl Stone Soup version 0.17-a0-1583-g2df49ec (webtiles) character file.

112 karlkraus the Skirmisher (level 4, 0/41 HPs)
             Began as a Minotaur Fighter on July 28, 2015.
             Succumbed to an adder's poison
             ... on level 3 of the Dungeon.
             The game lasted 00:03:15 (1684 turns).

karlkraus the Skirmisher (Minotaur Fighter)         Turns: 1684, Time: 00:03:15

Health: 0/41       AC:  9    Str: 22    XL:     4   Next: 63%
Magic:  3/3        EV:  8    Int:  5    God:
Gold:   79         SH:  9    Dex:  9    Spells: 0 memorised, 3 levels left

rFire  . . .     SeeInvis .     a - +0 flail
rCold  . . .     Clarity  .     b - +0 scale mail
rNeg   . . .     SustAt   .     c - +0 shield
rPois  .         Gourm    .     (helmet restricted)
rElec  .         Spirit   .     i - +0 cloak
rCorr  .         Warding  .     (no gloves)
rMut   .         Stasis   .     n - +0 pair of boots
MR     .....                    (no amulet)
Stlth  +.........               (no ring)
                                j - ring of stealth

@: lethally poisoned (0 -> -2), not resistant to hostile enchantments, very
unstealthy
A: retaliatory headbutt, horns 2
a: no special abilities


You were on level 3 of the Dungeon.
You were hungry.

You visited 1 branch of the dungeon, and saw 3 of its levels.

You collected 79 gold pieces.

Inventory:

Hand weapons
 a - a +0 flail (weapon)
Armour
 b - a +0 scale mail (worn)
 c - a +0 shield (worn)
 i - a +0 cloak (worn)
 n - a +0 pair of boots (worn)
Jewellery
 j - a ring of stealth (left hand)
Scrolls
 f - 2 scrolls of identify {unknown}
 h - a scroll of teleportation {unknown}
 k - 2 scrolls of remove curse {unknown}
 l - a scroll of enchant armour {unknown}
 m - a scroll of magic mapping {unknown}
 r - a scroll of random uselessness {unknown}
Potions
 d - a potion of might
 g - a potion of flight {unknown}
 p - a potion of mutation {unknown}
 q - a potion of brilliance {unknown}
Comestibles
 e - 4 bread rations
 o - a royal jelly


   Skills:
 + Level 4.6 Fighting
 + Level 3.5 Maces & Flails
 + Level 4.1 Armour
 + Level 1.5 Dodging
 + Level 4.3 Shields


You had 3 spell levels left.
You didn't know any spells.

Dungeon Overview and Level Annotations

Branches:
Dungeon (3/15)

Altars:


Innate Abilities, Weirdness & Mutations

You reflexively headbutt those who attack you in melee.
You have a pair of horns on your head.


Message History

Something tries to affect you, but you resist.
Things that are here:
a mace; a leather armour; an orc corpse You hit something.
Something hits you but does no damage. Something hits you but does no damage.
You hit something but do no damage. You headbutt something.
You feel sick. Something hits you but does no damage.
You miss something. Something hits you.
* * * LOW HITPOINT WARNING * * *
You miss something.
You feel sick. Something hits you but does no damage.
You closely miss something.
You hear some strange, mumbled words.
A puff of flame appears from out of thin air!
The puff of flame hits you!
* * * LOW HITPOINT WARNING * * *
Something hits you but does no damage.
You barely miss something. You headbutt something.
Something hits you but does no damage.
You miss something. Your headbutt misses something.
You die...

#...##
#....###
#####......#
...........###
#....!......
#.........# #
#####(.)...#
..........#
#.......{@#
#.#.###.#.#
... #^..#
#.#.###.###
#.#.....# ..
... ..###.###
.# #.# #.# #.#
.# #.# #.# #.#
.# #.# #.# #.#


There were no monsters in sight!

Vanquished Creatures
  An orc priest (D:3)
  An adder (D:3)
  An ooze (D:2)
  4 worms (D:2)
  A giant gecko (D:2)
  2 orcs (D:3)
  A ball python (D:1)
  7 bats
  2 giant cockroaches (D:2)
  4 goblins
  6 hobgoblins
  3 jackals (D:2)
  4 giant newts
  11 kobolds
  A quokka (D:2)
  4 rats
  A bush (D:1)
54 creatures vanquished.

Vanquished Creatures (others)
  A plant (D:1)
  4 toadstools (D:1)
5 creatures vanquished.

Grand Total: 59 creatures vanquished

Notes
Turn   | Place    | Note
--------------------------------------------------------------
     0 | D:1      | karlkraus the Minotaur Fighter began the quest for the Orb.
     0 | D:1      | Reached XP level 1. HP: 19/19 MP: 0/0
   158 | D:1      | Reached XP level 2. HP: 27/27 MP: 1/1
   338 | D:1      | Reached skill level 4 in Fighting
   729 | D:2      | Reached XP level 3. HP: 30/33 MP: 2/2
   876 | D:2      | Reached skill level 1 in Dodging
  1573 | D:3      | Reached XP level 4. HP: 40/40 MP: 3/3
  1682 | D:3      | HP: 1/41 [something/puff of flame (10)]
  1684 | D:3      | Succumbed to an adder's poison

Vault maps used:
D:1:      ldierk_water_garden, minmay_misc_feat_room,
          kennysheep_decorative_pillar, hex_tiny, minmay_misc_feat_four_crosses
D:2:      first_bread
D:3:      led_sif_pool

Action                   |  1- 3 |  4- 6 || total
-------------------------+-------+-------++-------
Melee: Flail             |   154 |    18 ||   172
  Eat: Chunk             |     2 |       ||     2
